 Dungeon Crawl Stone Soup version 0.29.0-15-g675c0067aa (webtiles) character file.

Game seed: 13466043880700518063

36 qw the Chopper (level 3, -1/23 HPs)
             Began as a Gargoyle Fighter on Sept 12, 2022.
             Slain by a gnoll
             ... wielding a +0 spear
              (4 damage)
             ... on level 2 of the Dungeon.
             The game lasted 00:00:15 (1085 turns).

qw the Chopper (Gargoyle Fighter)                   Turns: 1085, Time: 00:00:16

Health: -1/23      AC: 10    Str: 21    XL:     3   Next: 37%
Magic:  3/3        EV:  9    Int:  8    God:
Gold:   32         SH:  4    Dex:  9    Spells: 2/2 levels left

rFire   . . .      SeeInvis .   Y - +0 war axe
rCold   . . .      Faith    .   c - +0 buckler
rNeg    + . .      Spirit   .   b - +0 scale mail
rPois   inf        Reflect  .   (no helmet)
rElec   +          Harm     .   (no cloak)
rCorr   .          Rampage  .   (no gloves)
Will    .....                   (no boots)
Stlth   ..........              (no amulet)
HPRegen 0.07/turn               (no ring)
MPRegen 0.08/turn               (no ring)

@: no status effects
A: sickness immunity, AC +3, negative energy resistance 1, electricity
resistance, torment resistance 1, petrification resistance
a: no special abilities


You were on level 2 of the Dungeon.
You visited 1 branch of the dungeon, and saw 2 of its levels.

You collected 32 gold pieces.


Innate Abilities, Weirdness & Mutations

You are immune to sickness and miasma.
Your stone body is resilient. (AC +3)
You are immune to poison.
You resist negative energy. (rN+)
You are resistant to electric shocks. (rElec)
You are resistant to unholy torment.
You are immune to petrification.


   Skills:
 - Level 3.2 Fighting
 + Level 3.3 Axes
 - Level 3.2 Armour
 - Level 3.2 Shields


You had 2 spell levels left.
You didn't know any spells.
Your spell library was empty.

Inventory:

Hand Weapons
 f - a +0 whip
 Y - a +0 war axe (weapon)
Missiles
 h - 2 boomerangs (quivered)
Armour
 b - a +0 scale mail (worn)
 c - a +0 buckler (worn)
Scrolls
 a - a scroll of enchant armour
Potions
 d - a potion of might
 j - a potion of degeneration {unknown}
 k - a potion of haste {unknown}

Dungeon Overview and Level Annotations

Branches:
Dungeon (2/15)

Altars:


Message History

The boomerang hits the worm but does no damage.
Throw: 2 boomerangs
Press: ? - help, Q - select action Shift-Dir - straight line, f/p - worm You throw a boomerang.
The boomerang barely misses the worm.
A gnoll comes into view. It is wielding a +0 spear.
1078 ||| Stepping ~*~*~tactically~*~*~ (stealth).
The gnoll shouts!
You slash the worm!
The worm is moderately wounded.
The worm bites you!
You barely miss the worm.
The worm is moderately wounded.
You closely miss the gnoll. The gnoll hits you with a +0 whip.
You block the worm's attack.
You slash the worm!
The worm is almost dead.
You barely miss the gnoll. The gnoll closely misses you.
The gnoll hits you with a +0 whip. The gnoll closely misses you.
The worm bites you but does no damage.
You barely miss the worm.
The worm is severely wounded.
You closely miss the gnoll.
The gnoll hits you from afar with a +0 spear.
The gnoll hits you but does no damage.
You slash the worm!
You kill the worm!
You hit the gnoll but do no damage.
A gnoll comes into view. It is wielding a +0 halberd.
The gnoll barely misses you. The gnoll closely misses you.
You have reached level 3!
Your experience leads to an increase in your attributes!
Increase (S)trength, (I)ntelligence, or (D)exterity?
You feel stronger. x2
The gnoll shouts!
You slash the gnoll!
You kill the gnoll!
The gnoll hits you from afar with a +0 spear.
You block the gnoll's attack. The gnoll hits you with a +0 spear.
You die...

..# ..# .. #.#
#.# #.# #.# #g#
#.# #)# #.# #g#
#.#
##@############.#
#...............#
#..############.#
#..# #####.<.###
#... ............
..###
#.####..#### ...#
#..# ..... #..#
...... #..#


You could see 2 gnolls.

Vanquished Creatures
  2 gnolls
  A worm (D:2)
  2 ball pythons (D:1)
  An endoplasm (D:1)
  A giant cockroach (D:1)
  A goblin (D:1)
  2 hobgoblins (D:1)
  A quokka (D:1)
  3 kobolds (D:1)
  A rat (D:1)
15 creatures vanquished.

Notes
Turn   | Place    | Note
-------+----------+-------------------------------------------
     0 | D:1      | qw the Gargoyle Fighter began the quest for the Orb.
     0 | D:1      | Reached XP level 1. HP: 14/14 MP: 1/1
     0 | D:1      | 0 ||| qw: Version: 0.1-a-119-g272c26d
     0 | D:1      | 0 ||| qw: Game counter: 10936
     0 | D:1      | 0 ||| qw: Always use a shield: true
     0 | D:1      | 0 ||| qw: God list: Okawaru
     0 | D:1      | 0 ||| qw: Allow faded altars: false
     0 | D:1      | 0 ||| qw: Do Orc after D:15 true
     0 | D:1      | 0 ||| qw: Do second Lair branch before Depths: true
     0 | D:1      | 0 ||| qw: Lair rune preference: random
     0 | D:1      | 0 ||| qw: Plans: Normal, Zot, God:TSO, Crypt, Tomb, Pan,
                  | Slime, Hells, Zig, Abyss, Orb
     0 | D:1      | 0 ||| PLANNING D:1-11
   341 | D:1      | Reached XP level 2. HP: 19/19 MP: 2/2
   461 | D:1      | 461 ||| Stepping ~*~*~tactically~*~*~ (stealth).
   484 | D:1      | Reached skill level 3 in Axes
   912 | D:1      | 912 ||| READING 2 scrolls labelled MOTUAS UHESEIPO.
   913 | D:1      | 913 ||| READING scroll labelled TAACSI LEBUT.
  1014 | D:1      | 1014 ||| READING scroll labelled IDIXOJ ACOST.
  1015 | D:1      | 1015 ||| READING scroll labelled BIVAOD UNEKAIR.
  1078 | D:2      | 1078 ||| Stepping ~*~*~tactically~*~*~ (stealth).
  1082 | D:2      | HP: 4/19 [gnoll/+0 spear (1)]
  1084 | D:2      | Reached XP level 3. HP: 5/23 MP: 3/3
  1085 | D:2      | Slain by a gnoll

Levels and vault maps discovered:
D:1:      kennysheep_arrival_seaside, layout_basic, minmay_indecisive_spiral
D:2:      layout_loops_ring, hellmonk_ecumenical_altar_zigzags

Skill      XL: |  1  2 |
---------------+-------+-----
Axes           | 2 3 |  3.3
Fighting       | |  3.2
Armour         | |  3.2
Shields        | |  3.2

Action                   || total
-------------------------++-------
Melee: War axe           ||    49
Throw: Boomerang         ||    21
  Use: Scroll            ||     4
Armor: Scale mail        ||    24
Dodge: Dodged            ||    28
Block: Buckler           ||     7

Table legend:
 A = Non-vault XP
 B = Vault XP
 C = Vault XP percentage of total XP
 D = Non-vault monster count
 E = Vault monster count
 F = Vault count percentage of total count
                 A         B        C        D         E       F
            +---------+---------+-------+---------+---------+-------
      Total |      48 |       4 |   7.7 |      12 |       3 |  20.0
            +---------+---------+-------+---------+---------+-------
        D:1 |      29 |       4 |  12.1 |      10 |       3 |  23.1
        D:2 |      19 |       0 |   0.0 |       2 |       0 |   0.0
            +---------+---------+-------+---------+---------+-------
